 Dungeon Crawl Stone Soup version 0.22-a0-515-g75794bf (webtiles) character file.

135 inc the Chiller (level 5, 0/31 HPs)
             Began as an Octopode Ice Elementalist on June 19, 2018.
             Slain by Duvessa
             ... wielding a +0 short sword
              (7 damage)
             ... on level 4 of the Dungeon.
             The game lasted 00:04:20 (3293 turns).

inc the Chiller (Octopode Ice Elementalist)         Turns: 3293, Time: 00:04:21

Health: 0/31       AC:  1    Str:  8    XL:     5   Next: 18%
Magic:  4/8        EV: 13    Int: 18    God:
Gold:   162        SH:  0    Dex: 12    Spells: 2/8 levels left

rFire    x . .     SeeInvis .   d - +1 dagger (drain)
rCold    + . .     Gourm    .   (no shield)
rNeg     . . .     Faith    .   (helmet restricted)
rPois    .         Spirit   .   (no amulet)
rElec    .         Reflect  .   g - ring of ice
rCorr    .         Harm     .   (no ring)
MR       .....                  (no ring)
Stlth    +++.......             (no ring)
HPRegen  0.10/turn              (no ring)
MPRegen  0.11/turn              (no ring)
                                (no ring)
                                (no ring)

@: no status effects
A: almost no armour, stealthy swim, amphibious, 8 rings, constrict 8, camouflage
1, gelatinous body 1
a: no special abilities


You were on level 4 of the Dungeon.
You were not hungry.

You visited 1 branch of the dungeon, and saw 4 of its levels.

You collected 162 gold pieces.

Inventory:

Hand Weapons
 d - a +1 dagger of draining (weapon)
Jewellery
 g - a ring of ice (left tentacle)
Wands
 p - a wand of digging (10)
Scrolls
 a - 4 scrolls of teleportation
 c - 3 scrolls of fear
 e - a scroll of enchant weapon {unknown}
 i - a scroll of amnesia {unknown}
 l - a scroll of immolation {unknown}
 m - a scroll of magic mapping {unknown}
 o - a scroll of remove curse {unknown}
Potions
 f - a potion of mutation {unknown}
 h - a potion of heal wounds
 j - a potion of berserk rage
 k - a potion of agility {unknown}
 n - a potion of haste
Comestibles
 b - 7 rations


   Skills:
 - Level 2.0 Dodging
 - Level 2.6 Stealth
 - Level 2.0 Spellcasting
 + Level 3.8 Conjurations
 - Level 4.2 Ice Magic


You had 2 spell levels left.
You knew the following spells:

 Your Spells              Type           Power        Failure   Level  Hunger
a - Freeze                Ice            ####         3%          1    #......
b - Ozocubu's Armour      Chrm/Ice       ##......     22%         3    ###....
c - Throw Frost           Conj/Ice       ###...       5%          2    ###....

Your spell library contained the following spells:

 Spells                   Type           Power        Failure   Level  Hunger
 Summon Ice Beast         Ice/Summ       ##......     58%         4    #####..
 Throw Icicle             Conj/Ice       ###.....     34%         4    #####..


Dungeon Overview and Level Annotations

Branches:
Dungeon (4/15)
 Temple: D:4-7

Altars:
Ashenzari
Elyvilon

Annotations:
D:4 Duvessa


Innate Abilities, Weirdness & Mutations

You cannot wear most types of armour.
You are very stealthy in the water. (Stealth+)
You are amphibious.
You can wear up to eight rings at the same time.
You can use your tentacles to constrict eight enemies at once.
Your skin changes colour to match your surroundings (Stealth+).
Your rubbery body absorbs attacks. (AC +1, EV +1)


Message History

You constrict Duvessa, but do no damage.
Duvessa hits you with a short sword.
Unknown command.
Casting: Ozocubu's Armour (safe; 22% risk of failure)
Confirm with . or Enter, or press ? or * to list all spells.
Aiming: Freeze (safe; 3% risk of failure)
Press: ? - help, Shift-Dir - straight line, f - Duvessa
Aim: Duvessa, wielding a short sword and wearing a runed leather armour (lightly wounded, constricted by you, lightly drained)
You feel a surge of power!
You freeze Duvessa.
Duvessa is moderately wounded.
You constrict Duvessa. Duvessa hits you with a short sword!
* * * LOW HITPOINT WARNING * * *
Casting: Freeze (safe; 3% risk of failure)
Confirm with . or Enter, or press ? or * to list all spells.
Aiming: Freeze (safe; 3% risk of failure)
Press: ? - help, Shift-Dir - straight line, f/p - Duvessa
Aim: Duvessa, wielding a short sword and wearing a runed leather armour (moderately wounded, constricted by you, lightly drained)
Okay, then.
You release your grip on Duvessa.
Duvessa hits you with a short sword!
You die...

......# ......
.##. .....## #....
. .....##....# ###
##....#.....#.###
##.......# ..#.###
...##......#
.....#.
#.........e##
##.>...#.
#..#####...#
##@....._. #
###.###.e.....#.
#...........#.
#..........###
##..........###
##...........###
..................
#.........(.......
##................


You could see Duvessa.

Vanquished Creatures
  A centaur (D:2)
  An ooze (D:2)
  A worm (D:2)
  A dart slug (D:1)
  2 leopard geckos
  An orc (D:3)
  A ball python (D:3)
  4 bats
  2 giant cockroaches
  3 goblins
  5 hobgoblins
  6 jackals
  4 kobolds (D:1)
  6 frilled lizards
  5 rats
43 creatures vanquished.

Notes
Turn   | Place    | Note
-------+----------+-------------------------------------------
     0 | D:1      | inc the Octopode Ice Elementalist began the quest for the Orb.
     0 | D:1      | Reached XP level 1. HP: 11/11 MP: 3/3
   319 | D:1      | Reached XP level 2. HP: 5/17 MP: 0/5
  1004 | D:1      | Reached skill level 4 in Ice Magic
  1020 | D:1      | Reached XP level 3. HP: 16/21 MP: 6/6
  1214 | D:1      | Learned a level 3 spell: Ozocubu's Armour
  1217 | D:1      | Learned a level 2 spell: Throw Frost
  2044 | D:2      | Noticed a centaur
  2056 | D:2      | Killed a centaur
  2056 | D:2      | Reached XP level 4. HP: 7/27 MP: 1/7
  2056 | D:2      | Reached XP level 5. HP: 9/31 MP: 1/8
  2390 | D:3      | Found a white marble altar of Elyvilon.
  3258 | D:4      | Found a shattered altar of Ashenzari.
  3272 | D:4      | Noticed Duvessa
  3293 | D:4      | Slain by Duvessa

Vault maps used:
D:1:      noname_arrival_rooms_in_the_neighbourhood
D:2:      serial_aquarium, aquarium_bridge_square, aquarium_window_1,
          aquarium_window_fake, aquarium_window_corridor_3, aquarium_view_2f,
          minmay_tree_intersection
D:3:      elyvilon_altar_4, kennysheep_generic_room_15
D:4:      cheibrodos_ashenzari_chains, nicolae_ossuary_entry_ruins,
          uniq_eustachio, uniq_sigmund, uniq_duvessa

Skill      XL: |  1  2  3 |
---------------+----------+-----
Ice Magic      | 4 |  4.2
Conjurations   | 3 |  3.8
Dodging        | |  2.0
Stealth        | |  2.6
Spellcasting   | |  2.0

Action                   |  1- 3 |  4- 6 || total
-------------------------+-------+-------++-------
Melee: Unarmed           |    19 |       ||    19
       Constrict         |     9 |     6 ||    15
       Tentacles         |     5 |     2 ||     7
       Dagger            |    27 |    24 ||    51
 Cast: Freeze            |    13 |     2 ||    15
       Throw Frost       |     4 |     1 ||     5
       Ozocubu's Armour  |       |     1 ||     1
  Use: Scroll            |       |     5 ||     5
 Stab: Sleeping          |    12 |     5 ||    17
       Distracted        |     1 |       ||     1
  Eat: Chunk             |     3 |     3 ||     6
       Ration            |       |     1 ||     1
Armor: Skin              |     2 |     1 ||     3
Dodge: Dodged            |    25 |    14 ||    39

Table legend:
 A = Spawn XP
 B = Non-spawn XP
 C = Spawn XP percentage of total XP
 D = Spawn monster count
 E = Non-spawn monster count
 F = Spawn count percentage of total count
 G = Total turns spent on level
                    A         B        C        D         E        F      G
               +---------+---------+-------+---------+---------+-------+---------
         Total |       0 |     194 |   0.0 |       0 |      43 |   0.0 |  3293
               +---------+---------+-------+---------+---------+-------+---------
           D:1 |       0 |      39 |   0.0 |       0 |      22 |   0.0 |  1289
           D:2 |       0 |     130 |   0.0 |       0 |       7 |   0.0 |  1005
           D:3 |       0 |      25 |   0.0 |       0 |      14 |   0.0 |   967
               +---------+---------+-------+---------+---------+-------+---------
